Map: Sueño eterno EE

Players

SaTaNaS - Winner!

  • Race: Protoss Protoss
  • League: Gold
  • Spawn Location: 7:00

BoomBoomKit

  • Race: Protoss Protoss
  • League: Gold
  • Spawn Location: 1:00

VOD

Have the link to the VOD?

Description

Time

  • Played on: Aug. 16, 2020, 1:39 p.m.
  • Length: 5:17
Show
View Real Time Build Order
Export as new Build Order

SaTaNaS Protoss - Winner!

Build Orders:  

Get SALT Encoding   

  12  0:00  Probe  
  13  0:20  Probe, Pylon  
  14  0:38  Gateway  
  14  0:42  Probe (Chrono Boost)  
  15  0:43  Assimilator  
  15  0:53  Probe (Chrono Boost)  
  16  0:57  Probe (Chrono Boost)  
  17  1:08  Probe (Chrono Boost)  
  18  1:16  Probe (Chrono Boost)  
  19  1:23  Probe  
  20  1:27  Cybernetics Core  
  20  1:35  Probe, Assimilator  
  21  1:40  Pylon  
  21  1:47  Probe  
  22  1:59  Probe  
  23  2:01  Pylon  
  23  2:04  Warp Gate (Chrono Boost)  
  23  2:06  Stalker (Chrono Boost)  
  25  2:13  Gateway  
  25  2:29  Gateway  
  25  2:30  Gateway  
  25  2:35  Stalker  
  27  2:45  Pylon  
  27  3:08  Stalker  
  29  3:18  Pylon  
  29  3:20  Stalker x2  
  33  3:31  Pylon  
  33  3:47  Stalker  
  35  3:56  Stalker  
  35  3:59  Stalker  
  35  4:00  Stalker  
  39  4:26  Stalker x4  
  37  5:01  Stalker x4  
Show
View Real Time Build Order
Export as new Build Order

BoomBoomKit Protoss 

Build Orders:  

Get SALT Encoding   

  12  0:01  Probe  
  13  0:13  Probe  
  14  0:21  Pylon  
  14  0:25  Probe  
  15  0:39  Probe  
  16  0:43  Gateway  
  16  0:55  Probe (Chrono Boost)  
  17  1:00  Assimilator  
  17  1:06  Probe (Chrono Boost)  
  17  1:11  Probe (Chrono Boost)  
  19  1:22  Probe, Assimilator  
  20  1:30  Cybernetics Core  
  20  1:40  Gateway  
  20  1:45  Pylon  
  20  1:46  Probe  
  21  1:58  Probe  
  22  2:07  Stalker  
  24  2:10  Probe  
  25  2:16  Nexus  
  25  2:28  Robotics Facility  
  25  2:32  Probe  
  26  2:40  Warp Gate (Chrono Boost)  
  26  2:44  Probe  
  26  2:47  Stalker  
  29  2:56  Probe  
  30  3:02  Pylon  
  30  3:20  Sentry, Stalker  
  30  3:21  Probe  
  35  3:28  Observer  
  35  3:34  Probe  
  37  3:36  Probe  
  38  3:46  Probe  
  39  3:51  Probe  
  40  3:58  Probe, Gateway  
  40  4:00  Gateway  
  41  4:03  Probe  
  41  4:05  Twilight Council  
  38  4:10  Probe  
  38  4:14  Stalker x2  
  38  4:28  Pylon  
Tags
 
League
GoldGold
Matchup
PvP
Spawn Locations
Cross Positions
Add a new tag
Caveats
  • Supply blocks, unpowered buildings, or Contaminate may cause inaccurate times.
  • Supply counts are checked every 10 seconds.